 Dungeon Crawl Stone Soup version 0.30-a0-341-g682706514a (webtiles) character file.

Game seed: 384451838048652536

46391 experimilk the Devastator (level 14, -1/116 HPs)
             Began as a Black Draconian Conjurer on Nov 1, 2022.
             Was an Initiate of Gozag.
             Slain by a dire elephant (31 damage)
             ... on level 5 of the Lair of Beasts on Nov 4, 2022.
             The game lasted 01:22:02 (27037 turns).

experimilk the Devastator (DrCj)                   Turns: 27037, Time: 01:22:02

Health: -1/116     AC: 12    Str:  9    XL:     14   Next: 4%
Magic:  15/32      EV: 15    Int: 32    God:    Gozag
Gold:   3233       SH:  5    Dex: 15    Spells: 3/25 levels left

rFire   . . .      SeeInvis +    U - +5 dagger of Saskobru {protect, Dex+2}
rCold   . . .      Faith    .    j - +0 buckler
rNeg    . . .      Spirit   .    (body armour unavailable)
rPois   +          Reflect  .    (helmet restricted)
rElec   +          Harm     .    J - +0 cloak
rCorr   .          Rampage  .    (no gloves)
Will    ++...                    T - +2 pair of boots of Polytheism {Int+4 Dex+4}
Stlth   ++........               q - amulet of regeneration
HPRegen 1.19/turn                t - ring of poison resistance
MPRegen 0.23/turn                y - ring "Quroipsuc" {Will+ MP+9 Int+3 SInv}

@: flying
A: breathe lightning, AC +8, unfitting armour, big wings, electricity
resistance, cold-blooded
a: Breathe Lightning, Renounce Religion, Potion Petition, Call Merchant, Bribe
Branch


You were on level 5 of the Lair of Beasts.
You worshipped Gozag.
Gozag was most pleased with you.
You visited 2 branches of the dungeon, and saw 15 of its levels.
You also visited: Bailey and Ice Cave.

You collected 4757 gold pieces.
You paid 1524 gold pieces to Gozag.

Inventory:

Hand Weapons
 a - a +2 flail of protection
 g - a +3 dagger
 F - a +0 short sword of draining
 U - the +5 dagger of Saskobru (weapon) {protect, Dex+2}
   (You found it on level 5 of the Lair of Beasts)

   It grants its wielder temporary protection when it strikes (+7 to AC).
   Dex:       It affects your dexterity (+2).
Armour
 j - a +0 buckler (worn)
 J - a +0 cloak (worn)
 T - the +2 pair of boots of Polytheism (worn) {Int+4 Dex+4}
   (You acquired it on level 5 of the Lair of Beasts)

   Int:       It affects your intelligence (+4).
   Dex:       It affects your dexterity (+4).
Magical Staves
 e - a staff of death
Jewellery
 b - a +4 ring of protection
 h - a ring of positive energy
 k - a ring of magical power
 q - an amulet of regeneration (around neck)
 s - a ring of magical power
 t - a ring of poison resistance (left hand)
 u - a ring of resist corrosion
 v - a +6 ring of dexterity
 w - a ring of ice
 y - the ring "Quroipsuc" (right hand) {Will+ MP+9 Int+3 SInv}
   (You found it in an ice cave)

   [ring of see invisible]

   Int:       It affects your intelligence (+3).
   MP:        It affects your magic capacity (+9).
   SInv:      It lets you see invisible.
   Will:      It increases your willpower.
 H - a ring of flight
Wands
 l - a wand of roots (8)
 x - a wand of mindburst (13)
 A - a wand of polymorph (4)
 B - a wand of digging (10)
 D - a wand of quicksilver (28)
 E - a wand of flame (29)
 L - a wand of charming (5)
Scrolls
 d - 2 scrolls of immolation
 f - 2 scrolls of silence
 m - 3 scrolls of teleportation
 p - 3 scrolls of butterflies
 r - 2 scrolls of amnesia
 I - 2 scrolls of enchant weapon
 K - 2 scrolls of blinking
 O - 2 scrolls of poison
 P - a scroll of magic mapping
 Q - a scroll of fear
 S - a scroll of vulnerability
Potions
 c - a potion of resistance
 i - a potion of brilliance
 n - a potion of lignification
 o - 3 potions of curing
 z - a potion of mutation
 C - 4 potions of flight
 G - a potion of heal wounds
 M - 2 potions of might
 R - a potion of berserk rage
Miscellaneous
 N - a condenser vane (inert)
 W - a phantom mirror


   Skills:
 - Level 8.7 Fighting
 * Level 10.0 Short Blades
 - Level 5.5 Maces & Flails
 - Level 8.0 Dodging
 - Level 1.7 Stealth
 + Level 5.8 Shields
 - Level 6.0 Spellcasting
 * Level 15.8 Conjurations
 - Level 8.0 Air Magic


You had 3 spell levels left.
You knew the following spells:

 Your Spells              Type           Power      Damage    Failure   Level
a - Airstrike             Air            28%        2d(5-21)  2%          4
c - Iskenderun's Mystic   Conj/Tloc      57%        2d12      2%          4
q - Swiftness             Air            57%        N/A       1%          3
s - Magic Dart            Conj           100%       1d8       0%          1
v - Iskenderun's Battles  Conj           84%        2d13      1%          5
x - Dazzling Flash        Conj/Hex       100%       N/A       1%          3
z - Searing Ray           Conj           100%       2d8       0%          2

Your spell library contained the following spells:

 Spells                   Type           Power      Damage    Failure   Level
 Shock                    Conj/Air       100%       1d9       1%          1
 Mephitic Cloud           Conj/Pois/Air  57%        N/A       1%          3
 Slow                     Hex            36%        N/A       6%          1
 Kindle Blastsparks       Fire/Tloc/Air  52%        2d14      6%          3
 Call Imp                 Summ           9%         N/A       9%          2
 Ensorcelled Hibernation  Hex/Ice        18%        N/A       9%          2
 Scorch                   Fire           18%        2d6       9%          2
 Confusing Touch          Hex            9%         N/A       17%         3
 Inner Flame              Hex/Fire       9%         N/A       17%         3
 Spider Form              Tmut/Pois      9%         N/A       17%         3
 Vampiric Draining        Necr           9%         2d6       17%         3
 Flame Wave               Conj/Fire      57%        2d14      2%          4
 Fulminant Prism          Conj/Hex       28%        3d14      2%          4
 Sticky Flame             Conj/Fire      57%        2d7       2%          4
 Iron Shot                Conj/Erth      28%        9d6       34%         6
 Anguish                  Hex/Necr       4%         N/A       50%         4
 Cause Fear               Hex            4%         N/A       50%         4
 Petrify                  Tmut/Erth      9%         N/A       50%         4
 Lee's Rapid Deconstruct  Erth           4%         3d5*      85%         5
 Metabolic Englaciation   Hex/Ice        4%         N/A       85%         5
 Spellforged Servitor     Conj/Summ      28%        N/A       88%         7
 Statue Form              Tmut/Erth      6%         N/A       100%        6
 Summon Cactus Giant      Summ           4%         N/A       100%        6
 Discord                  Hex            4%         N/A       100%        8


Dungeon Overview and Level Annotations

Branches:
Dungeon (11/15)            Temple (0/1) D:4            Lair (5/5) D:8
  Swamp (0/4) Lair:3       Spider (0/4) Lair:3        Slime (0/5) Lair:4
    Orc (0/2) D:11         Bailey (visited)           IceCv (visited)

Altars:
Gozag
Trog
Jiyva

Shops:
D:8 [=

Portals:
Trove: D:10 (give +4 ring of slaying)

Annotations:
D:10 1 runed translucent door
D:11 1 runed translucent door, DeathPants's ghost, journeyman MiMo
Lair:1 exclusion: oklob plant


Innate Abilities, Weirdness & Mutations

You can breathe wild blasts of lightning.
Your glossy black scales are hard. (AC +8)
You cannot fit into any form of body armour.
Your large and strong wings let you fly.
You are resistant to electric shocks. (rElec)
You are cold-blooded and may be slowed by cold attacks.


Message History

Your battlesphere fires!
The barrage of energy hits the elephant!
The elephant is moderately wounded.
The dire elephant tramples you!
You are shoved backwards!
Unknown command.
Casting: Iskenderun's Mystic Blast (mildly dangerous; 2% risk of failure)
Confirm with . or Enter, or press ? or * to list all spells.
Aiming: Searing Ray (safe; 0% risk of failure)
Press: ? - help, Shift-Dir - straight line, f/p - dire elephant
Aim: a dire elephant (severely wounded, 100% to hit)
The searing ray hits the dire elephant but does no damage.
The dire elephant is severely wounded.
The searing ray hits the elephant.
The elephant is moderately wounded. (Press . to maintain the ray.)
Your battlesphere fires!
The barrage of energy hits the dire elephant!!
The dire elephant is almost dead.
The dire elephant tramples you!
* * * LOW HITPOINT WARNING * * *
You hold your ground!
The dire elephant trunk-slaps you.
* * * LOW HITPOINT WARNING * * *
The searing ray hits the dire elephant but does no damage.
The dire elephant is almost dead.
The searing ray hits the elephant!
The elephant is heavily wounded.
Your battlesphere fires!
The barrage of energy hits the elephant!
The elephant is severely wounded.
The dire elephant closely misses you. x2
The searing ray hits the dire elephant but does no damage.
The dire elephant is almost dead.
Your battlesphere fires!
The barrage of energy hits the dire elephant!
The dire elephant is almost dead.
The elephant completely misses you.
The elephant trunk-slaps you but does no damage.
The dire elephant tramples you!!
You die...
Your body crumbles into a pile of gold.

#....#..........##...# ##....
#................#...## #.....
#....#.........###....# ##....
#..<.#...............P# #.....
##[.............##...## #..... #
#...#..........##....######....
###........................##....
..#...PP.........Y#..............
................@Y.............#.
♣######♣.......♣########'''######
# ##♣....## $ ....... #♣♣♣##
.⌠.8### 8.8## #### YP.8 Yp)?# $


You could see a dire elephant and an elephant.

Vanquished Creatures
  An ice dragon (IceCv)
  3 hydras
  A centaur warrior (D:10)
  3 catoblepae
  2 two-headed ogres (D:9)
  2 boulder beetles
  An orc high priest (Bailey)
  15 death yaks
  Sonja (Lair:3)
  Nergalle (D:10)
  A cyclops (D:11)
  6 elephants
  4 black mambas
  2 torpor snails
  4 rime drakes (IceCv)
  Maggie (Lair:2)
  6 cane toads
  6 komodo dragons
  A hornet (D:9)
  2 trolls
  2 polar bears (Lair:4)
  6 blink frogs
  2 slime creatures (D:8)
  3 jumping spiders (Lair:3)
  2 culicivoras (Lair:3)
  11 spriggans
  5 wyverns
  2 basilisks (Lair:2)
  43 yaks
  A redback (Lair:3)
  10 water moccasins
  2 acid dragons
  11 orc warriors
  4 sky beasts
  3 ice beasts
  A black bear (Lair:4)
  8 wolves
  2 centaurs
  2 phantoms
  A kobold brigand (D:8)
  14 bullfrogs
  A scorpion (D:7)
  2 necrophages
  2 lindwurm simulacra (IceCv)
  33 killer bees
  5 howler monkeys
  2 komodo dragon simulacra (IceCv)
  3 hounds
  A jelly (Lair:4)
  6 orc priests
  An iguana (D:5)
  5 orc wizards
  12 gnolls
  8 acid dragon simulacra (IceCv)
  2 adders (D:3)
  A shadow imp (D:7)
  5 ufetubi
  6 steam dragon simulacra (IceCv)
  4 dart slugs
  46 orcs
  6 bats
  7 endoplasms
  A giant cockroach (D:2)
  15 goblins
  10 hobgoblins
  7 jackals
  4 quokkas
  5 ball pythons
  7 frilled lizards
  16 kobolds
  9 rats
430 creatures vanquished.

Vanquished Creatures (others)
  A blink frog (Lair:2)
  24 fungi
  32 plants
  7 withered plants (Lair:5)
64 creatures vanquished.

Grand Total: 494 creatures vanquished

Notes
Turn   | Place    | Note
-------+----------+-------------------------------------------
     0 | D:1      | experimilk the Draconian Conjurer began the quest for the
                  | Orb.
     0 | D:1      | Reached XP level 1. HP: 14/14 MP: 3/3
   178 | D:1      | Reached XP level 2. HP: 17/20 MP: 0/5
   193 | D:1      | Learned a level 2 spell: Searing Ray
   697 | D:1      | Reached skill level 5 in Conjurations
   722 | D:1      | Reached XP level 3. HP: 26/26 MP: 0/6
   726 | D:1      | Learned a level 3 spell: Dazzling Flash
  1537 | D:2      | Reached XP level 4. HP: 12/33 MP: 2/7
  2227 | D:3      | Reached skill level 6 in Conjurations
  2832 | D:3      | Reached XP level 5. HP: 38/38 MP: 8/8
  3027 | D:3      | Found a faded altar of an unknown god.
  3323 | D:3      | Found an opulent altar of Gozag.
  3499 | D:3      | Reached skill level 7 in Conjurations
  3981 | D:3      | Became a worshipper of Gozag Ym Sagoz the Greedy
  4104 | D:4      | Reached XP level 6. HP: 45/45 MP: 9/9
  5218 | D:4      | Found a staircase to the Ecumenical Temple.
  5222 | D:4      | Reached skill level 8 in Conjurations
  5564 | D:5      | Entered Level 5 of the Dungeon
  5895 | D:5      | Your scales start taking on a glossy black colour.
  5895 | D:5      | Reached XP level 7. HP: 50/50 MP: 10/10
  5895 | D:5      | Gained mutation: You are resistant to electric shocks.
                  | (rElec) [Black Draconian growth]
  5960 | D:5      | Learned a level 4 spell: Iskenderun's Mystic Blast
  6035 | D:5      | Reached skill level 9 in Conjurations
  6159 | D:5      | You fall into a shaft and drop 2 floors!
  6365 | D:7      | Reached skill level 10 in Conjurations
  6380 | D:7      | Reached skill level 1 in Fighting
  6380 | D:7      | Reached XP level 8. HP: 48/59 MP: 1/11
  6785 | D:7      | Reached skill level 1 in Maces & Flails
  7662 | D:8      | Reached XP level 9. HP: 72/72 MP: 15/15
  7707 | D:8      | Found Ycalum's Armour Emporium.
  7729 | D:8      | Found a staircase to the Lair.
  7797 | D:8      | Reached skill level 5 in Fighting
  8710 | D:8      | Reached skill level 5 in Dodging
  9064 | D:8      | Killed a very large slime creature
  9065 | D:8      | Reached skill level 5 in Maces & Flails
  9065 | D:8      | Reached XP level 10. HP: 48/84 MP: 2/17
  9587 | D:9      | Noticed a two-headed ogre
  9597 | D:9      | Killed a two-headed ogre
  9604 | D:9      | Reached skill level 5 in Spellcasting
  9857 | D:9      | Noticed a two-headed ogre
  9923 | D:9      | Found a flagged portal.
  9928 | Bailey   | Entered a bailey
 10310 | Bailey   | Noticed an orc high priest
 10330 | Bailey   | Killed an orc high priest
 10331 | Bailey   | Reached skill level 5 in Short Blades
 10756 | Bailey   | Reached XP level 11. HP: 95/95 MP: 13/20
 10839 | Bailey   | Noticed an orc knight
 10853 | Bailey   | Identified the +1 plate armour of Pugh {Rampage}
 11144 | D:9      | Killed a two-headed ogre
 11277 | D:9      | Learned a level 5 spell: Iskenderun's Battlesphere
 11511 | D:9      | Learned a level 6 spell: Summon Cactus Giant
 11663 | D:10     | Entered Level 10 of the Dungeon
 11804 | D:10     | Found a runed translucent door.
 11804 | D:10     | Noticed a boulder beetle
 11817 | D:10     | Killed a boulder beetle
 11819 | D:10     | Noticed an orc knight
 12023 | D:10     | Found a portal to a secret trove of treasure.
 12095 | D:10     | Noticed Nergalle
 12112 | D:10     | Killed Nergalle
 12377 | D:10     | Learned a level 4 spell: Airstrike
 12389 | D:10     | Reached skill level 1 in Air Magic
 12623 | D:10     | Reached skill level 11 in Conjurations
 12640 | D:10     | Noticed a centaur warrior
 12649 | D:10     | Killed a centaur warrior
 13209 | D:10     | Noticed a centaur warrior
 13255 | D:11     | Found a frozen archway.
 13264 | IceCv    | Entered an ice cave
 13716 | IceCv    | Reached skill level 5 in Air Magic
 13909 | IceCv    | Identified the +1 chain mail "Fiadosim" {rN+ rCorr Int-2
                  | Dex+2}
 13967 | IceCv    | Noticed an ice dragon
 13982 | IceCv    | Killed an ice dragon
 14266 | IceCv    | Identified the ring "Quroipsuc" {Will+ MP+9 Int+3 SInv}
 14471 | D:11     | Found a staircase to the Orcish Mines.
 14547 | D:11     | Found a runed translucent door.
 14547 | D:11     | Noticed DeathPants's ghost (journeyman MiMo)
 14591 | D:11     | Reached skill level 12 in Conjurations
 14762 | D:11     | Reached skill level 1 in Shields
 15019 | D:11     | Identified the +4 chain mail of the Cockatrice {+Blink
                  | Str+2 SInv}
 15065 | D:11     | Reached XP level 12. HP: 103/103 MP: 0/21
 15383 | D:11     | Learned a level 3 spell: Swiftness
 15608 | Lair:1   | Entered Level 1 of the Lair of Beasts
 15727 | Lair:1   | Found a bloodstained altar of Trog.
 16568 | Lair:1   | Reached skill level 13 in Conjurations
 16959 | Lair:1   | Noticed a death yak
 16967 | Lair:1   | Killed a death yak
 18423 | Lair:2   | Noticed Maggie
 18433 | Lair:2   | Killed Maggie
 18440 | Lair:2   | Reached skill level 14 in Conjurations
 18896 | Lair:2   | Noticed a five-headed hydra
 18902 | Lair:2   | Killed a five-headed hydra
 20488 | Lair:3   | Identified the +1 robe of Inviolability {Str+4 Dex+3}
 20707 | Lair:3   | Noticed a death yak
 20707 | Lair:3   | Noticed a death yak
 20708 | Lair:3   | Noticed a death yak
 20709 | Lair:3   | Noticed a death yak
 20720 | Lair:3   | Killed a death yak
 20729 | Lair:3   | Killed a death yak
 20732 | Lair:3   | Killed a death yak
 20733 | Lair:3   | Reached XP level 13. HP: 69/108 MP: 1/22
 21099 | Lair:3   | Found a hole to the Spider Nest.
 21372 | Lair:3   | Found a staircase to the Swamp.
 21555 | Lair:3   | Noticed Sonja
 21558 | Lair:3   | Killed Sonja
 22537 | Lair:4   | Identified the +7 mace of Wrath {vorpal, Dex+2}
 24086 | Lair:4   | Reached skill level 15 in Conjurations
 24523 | Lair:4   | Found a viscous altar of Jiyva.
 24524 | Lair:4   | Found a staircase to the Slime Pits.
 24930 | Lair:5   | Entered Level 5 of the Lair of Beasts
 25187 | Lair:5   | Acquired the +2 pair of boots of Polytheism {Int+4 Dex+4}
 25638 | Lair:5   | Identified the +5 dagger of Saskobru {protect, Dex+2}
 25697 | Lair:5   | Reached skill level 5 in Shields
 26468 | Lair:5   | Gained mutation: Your large and strong wings let you fly.
                  | [Black Draconian growth]
 26468 | Lair:5   | Reached XP level 14. HP: 115/116 MP: 13/23
 26473 | Lair:5   | Reached skill level 10 in Short Blades
 27037 | Lair:5   | Slain by a dire elephant

Illustrated notes

Levels and vault maps discovered:
D:1:      matt_arrival_diagonals, layout_rooms, chequers_jeans
D:2:      layout_loops_ring
D:3:      layout_basic, grunt_gozag_breadcrumbs, basic_ecumenical_altar,
          hex_tiny
D:4:      layout_loops_ring, minmay_temple_entry_proselytizer
D:5:      layout_loops_ring, ebering_ghost_sewer_d,
          ebering_dispersal_statue_hall, grunt_ministairs_6
D:7:      layout_loops_cross, nicolae_sextant, minmay_misc_feat_secret_circle,
          minmay_puff
D:8:      layout_rooms, lair_entry_dummy, serial_co_window_serial,
          co_window_paths_b, co_window_paths_b, co_window_of_opportunity_a,
          co_window_paths_b, co_window_corner_a, co_window_corner_a,
          co_window_of_opportunity_b, co_window_unsneaky_path_d,
          co_window_of_opportunity_b, co_window_4corner_a, co_window_paths_d,
          glass_columns_c, glass_columns_c, glass_columns_c, serial_shops,
          nicolae_shop_behind_doors
D:9:      layout_small_grid, enter_bailey_3
D:10:     layout_irregular_city, nicolae_trove_entry_isolated, minivault_13,
          uniq_nergalle
D:11:     layout_basic, david_orc_2, hellmonk_ghost_big_iron,
          portal_ice_cave_entry_pillars_2, chequers_hall_statues_y
Lair:1:   layout_regular_city, basic_altar, minmay_lair_oklob_items,
          grunt_forest_stairs_basic, grunt_megastairs_5, lemuel_fruit_tree
Lair:2:   kb_forest_paths, layout_chaotic_city, uniq_maggie
Lair:3:   layout_regular_city, swamp_mist_pool,
          nicolae_spider_entry_tight_spaces, uniq_sonja
Lair:4:   layout_cave_pods, nicolae_slime_entry_slimehenge, forest_entry_grove,
          grunt_megastairs_3
Lair:5:   due_jungle_book, layout_long_grid

Skill      XL: |  1  2  3  4  5  6  7  8  9 10 11 12 13 14 |
---------------+-------------------------------------------+-----
Conjurations   | 5 6 7 8 10 12 14 15 | 15.8
Fighting       | 1 4 6 8 |  8.7
Spellcasting   | 4 6 |  6.0
Maces & Flails | 3 5 |  5.5
Dodging        | 2 6 8 |  8.0
Short Blades   | 5 6 7 9 10 | 10.0
Air Magic      | 6 8 |  8.0
Shields        | 1 3 5 |  5.8
Stealth        | |  1.7

Action                   |  1- 3 |  4- 6 |  7- 9 | 10-12 | 13-15 || total
-------------------------+-------+-------+-------+-------+-------++-------
Melee: Unarmed           |     4 |       |       |       |       ||     4
       Whip              |     6 |       |       |       |       ||     6
       Tailslap          |     1 |     4 |     2 |     8 |    10 ||    25
       Flail             |       |    15 |    42 |       |       ||    57
       Punch             |       |     1 |     1 |       |       ||     2
       Short sword       |       |       |       |    35 |    26 ||    61
       Dagger            |       |       |       |       |    35 ||    35
 Cast: Magic Dart        |    63 |    95 |    30 |    95 |    74 ||   357
       Searing Ray       |     7 |    16 |    44 |   107 |    37 ||   211
       Dazzling Flash    |       |     1 |     3 |     7 |     6 ||    17
       Iskenderun's Myst |       |       |    15 |    81 |    33 ||   129
       Iskenderun's Batt |       |       |       |    46 |    31 ||    77
       Airstrike         |       |       |       |    12 |     1 ||    13
       Swiftness         |       |       |       |       |     1 ||     1
Invok: Potion Petition   |       |       |       |     1 |     1 ||     2
       Call Merchant     |       |       |       |     1 |       ||     1
 Abil: Breathe Lightning |       |       |     5 |    11 |     3 ||    19
Evoke: Wand              |       |       |       |     4 |     1 ||     5
       Condenser vane    |       |       |       |     1 |     1 ||     2
  Use: Scroll            |     3 |     8 |     1 |    15 |     2 ||    29
       Potion            |     1 |       |     1 |     9 |     4 ||    15
 Stab: Invisible         |       |       |     1 |       |     5 ||     6
       Distracted        |       |       |     1 |       |       ||     1
Armor: Skin              |     6 |    16 |    36 |    37 |    39 ||   134
Dodge: Dodged            |    13 |    32 |    95 |   140 |    70 ||   350
Block: Buckler           |       |       |       |    10 |    27 ||    37

Table legend: (Time is in decaauts)
 A = Elapsed time spent in this place.
 B = Non-inter-level travel time spent in this place.
 C = Inter-level travel time spent in this place.
 D = Time resting spent in this place.
 E = Time spent auto-exploring this place.
 F = Levels seen in this place.
 G = Mean time per level.
                   A        B        C        D        E       F      G
               +--------+--------+--------+--------+--------+-----+--------+
         Total |  27052 |  26417 |    635 |  13942 |   7118 |  17 | 1591.3 |
       Dungeon |  13519 |  13089 |    430 |   5773 |   4944 |  10 | 1351.9 |
          Lair |  11415 |  11211 |    204 |   6636 |   2174 |   5 | 2283.0 |
        Bailey |    966 |    966 |      0 |    746 |      0 |   1 |  966.0 |
      Ice Cave |   1150 |   1150 |      0 |    786 |      0 |   1 | 1150.0 |
               +--------+--------+--------+--------+--------+-----+--------+

Top non-repeatable levels by time:
  Lair:3: 2798 daAuts
  Lair:4: 2253 daAuts
  Lair:2: 2218 daAuts
  Lair:5: 2100 daAuts
     D:8: 2079 daAuts
  Lair:1: 2044 daAuts
     D:3: 1834 daAuts
    D:10: 1735 daAuts
     D:4: 1593 daAuts
     D:7: 1496 daAuts
   IceCv: 1150 daAuts
     D:1: 1092 daAuts
     D:2: 1081 daAuts
     D:9: 1026 daAuts
    D:11: 1021 daAuts
